 Dungeon Crawl Stone Soup version 0.17.1-3-g152610e (webtiles) character file.

849 inmateoo the Ruffian (level 8, -7/48 HPs)
             Began as a Gargoyle Arcane Marksman on Mar 8, 2016.
             Killed from afar by a steam dragon (17 damage)
             ... with a ball of steam
             ... on level 5 of the Dungeon.
             The game lasted 00:11:30 (5518 turns).

inmateoo the Ruffian (Gargoyle Arcane Marksman)     Turns: 5518, Time: 00:11:31

Health: -7/48      AC: 17    Str: 16    XL:     8   Next: 1%
Magic:  9/9        EV:  9    Int: 15    God:
Gold:   269        SH:  0    Dex:  9    Spells: 0 memorised, 9 levels left

rFire  . . .     SeeInvis .       - Unarmed
rCold  . . .     Clarity  .     h - +0 scale mail
rNeg   + . .     SustAt   .     (no shield)
rPois  ∞         Gourm    .     k - +0 helmet
rElec  +         Spirit   .     a - +1 cloak
rCorr  .         Warding  .     (no gloves)
rMut   .         Stasis   .     r - +1 pair of boots
MR     .....                    (no amulet)
Stlth  ..........               (no ring)
                                (no ring)

@: not resistant to hostile enchantments, extremely unstealthy
A: negative energy resistance 1, electricity resistance, unbreathing,
petrification resistance, rot immunity, AC +5
a: no special abilities


You were on level 5 of the Dungeon.
You were hungry.

You visited 1 branch of the dungeon, and saw 5 of its levels.

You collected 269 gold pieces.

Inventory:

Hand Weapons
 n - a +1 halberd
Missiles
 c - 10 javelins
 d - 2 throwing nets (quivered)
Armour
 a - a +1 cloak (worn)
 h - a +0 scale mail (worn)
 k - a +0 helmet (worn)
 r - a +1 pair of boots (worn)
Wands
 f - a wand of disintegration (3)
 q - a wand of draining (5)
Scrolls
 j - a scroll of recharging
 l - 2 scrolls of identify
 m - a scroll of remove curse
 o - a scroll of magic mapping
 p - a scroll of enchant weapon
 u - a scroll of blinking
Potions
 g - 2 potions of haste
 i - a potion of agility {unknown}
Books
 b - a book of Debilitation

   Spells                             Type                      Level
   a - Corona                         Hexes                        1
   b - Slow                           Hexes                        2
   c - Gell's Gravitas                Hexes/Translocation          3
   d - Inner Flame                    Hexes/Fire                   3
   e - Cause Fear                     Hexes                        4
   f - Leda's Liquefaction            Hexes/Earth                  4
Comestibles
 e - 4 bread rations
 s - 3 meat rations


   Skills:
 + Level 4.0 Fighting
 - Level 1.7 Throwing
 + Level 3.6 Armour
 - Level 1.5 Dodging
 * Level 6.9 Unarmed Combat
 - Level 1.0 Spellcasting
   Level 2.6 Hexes


You had 9 spell levels left.
You didn't know any spells.

Dungeon Overview and Level Annotations

Branches:
Dungeon (5/15)
 Temple: D:4-7

Altars:
Kikubaaqudgha
Makhleb
Nemelex Xobeh

Annotations:
D:3 Grinder
D:5 Edmund


Innate Abilities, Weirdness & Mutations

You are resistant to torment.
Your stone body is resilient (AC +5).
You are immune to poison.
You resist negative energy.
You are resistant to electric shocks.
You can survive without breathing.
You are immune to petrification.
You are immune to rotting.


Message History

You are engulfed in a cloud of scalding steam.
The steam dragon bites you but does no damage.
The steam dragon misses you.
You hit the steam dragon.
The steam dragon is moderately wounded.
You are engulfed in a cloud of scalding steam.
* * * LOW HITPOINT WARNING * * *
The steam dragon breathes steam at you. The ball of steam hits you!
You hit the steam dragon but do no damage.
The steam dragon is moderately wounded.
You are engulfed in a cloud of scalding steam.
* * * LOW HITPOINT WARNING * * *
The steam dragon bites you but does no damage.
The steam dragon barely misses you.
You hit the steam dragon but do no damage.
The steam dragon is moderately wounded.
The steam dragon breathes steam at you. The ball of steam hits you!
You die...

#.........#.PP.P###.......
##...######≈.≈@P.##.......
##....####≈≈≈...##......#
#.##...##......##......#
#.####............######
####.################# #
#......#
#......####################
#........D@...............#
#......##################.#
######## #.# #.# #.. ##. ##


You could see a steam dragon.

Vanquished Creatures
  Prince Ribbit (D:5)
  Sigmund (D:4)
  A scorpion (D:5)
  A giant frog skeleton (D:5)
  A gnoll shaman (D:4)
  2 hounds (D:5)
  An iguana (D:5)
  2 worker ants
  A hound zombie (D:5)
  5 adders
  11 gnolls
  An ooze (D:5)
  An adder skeleton (D:4)
  3 worms
  5 giant geckos
  8 bats
  4 giant cockroaches
  4 goblins
  11 hobgoblins
  2 quokkas (D:2)
  4 giant newts
  8 jackals
  8 kobolds
  A quokka skeleton (D:4)
  10 rats
97 creatures vanquished.

Notes
Turn   | Place    | Note
--------------------------------------------------------------
     0 | D:1      | inmateoo the Gargoyle Arcane Marksman began the quest for the Orb.
     0 | D:1      | Reached XP level 1. HP: 12/12 MP: 2/2
   184 | D:1      | Reached skill level 1 in Unarmed Combat
   446 | D:1      | Reached XP level 2. HP: 12/16 MP: 3/3
  1001 | D:2      | Reached XP level 3. HP: 1/20 MP: 2/4
  1387 | D:2      | Reached skill level 3 in Unarmed Combat
  1741 | D:2      | Reached XP level 4. HP: 18/25 MP: 5/5
  2216 | D:2      | Reached skill level 4 in Unarmed Combat
  2490 | D:3      | Reached XP level 5. HP: 27/29 MP: 6/6
  2638 | D:3      | Noticed an ogre
  2904 | D:3      | Found a sparkling altar of Nemelex Xobeh.
  3031 | D:4      | Noticed Grinder
  3248 | D:4      | Found a burning altar of Makhleb.
  3249 | D:4      | Noticed Sigmund
  3297 | D:5      | Entered Level 5 of the Dungeon
  3302 | D:5      | Reached skill level 1 in Armour
  3370 | D:5      | Reached skill level 5 in Unarmed Combat
  3373 | D:5      | Found an ancient bone altar of Kikubaaqudgha.
  3397 | D:5      | Reached XP level 6. HP: 5/35 MP: 7/7
  3478 | D:5      | Noticed Prince Ribbit
  3496 | D:5      | Killed Prince Ribbit
  3496 | D:5      | Reached XP level 7. HP: 27/41 MP: 8/8
  3502 | D:5      | Reached skill level 6 in Unarmed Combat
  3628 | D:5      | Noticed Edmund
  3635 | D:5      | Noticed a steam dragon
  3651 | D:5      | Noticed a steam dragon
  3724 | D:4      | HP: 2/41 [Grinder/nerve-wracking pain (10)]
  4054 | D:4      | Paralysed by Grinder for 6 turns
  4089 | D:3      | Paralysed by Grinder for 5 turns
  4718 | D:4      | Killed Sigmund
  5406 | D:5      | Reached XP level 8. HP: 45/48 MP: 9/9
  5518 | D:5      | Killed from afar by a steam dragon

Action                   |  1- 3 |  4- 6 |  7- 9 || total
-------------------------+-------+-------+-------++-------
Melee: Unarmed           |   294 |   195 |   201 ||   690
       Halberd           |       |       |     1 ||     1
Throw: Javelin           |     5 |       |     3 ||     8
       Throwing net      |       |       |     3 ||     3
 Cast: Corona            |     1 |       |       ||     1
Evoke: Wand              |       |     2 |       ||     2
  Use: Potion            |     1 |     4 |     2 ||     7
       Scroll            |       |    15 |       ||    15
  Eat: Chunk             |     3 |     4 |     7 ||    14
       Beef jerky        |       |     1 |       ||     1
